 Dungeon Crawl Stone Soup version 0.24.0-1-gfbc8707122 (webtiles) character file.

Game seed: 17288201393754465808, levelgen mode: deterministic

25940 mopl the Severer (level 12, -38/106 HPs)
             Began as a Minotaur Berserker on Oct 27, 2019.
             Was an Elder of Trog.
             Killed from afar by a tengu reaver (55 damage)
             ... with a bolt of magma
             ... on level 12 of the Dungeon.
             The game lasted 00:18:25 (11831 turns).

mopl the Severer (Minotaur Berserker)              Turns: 11831, Time: 00:18:25

Health: -38/106    AC: 18    Str: 24    XL:     12   Next: 93%
Magic:  16/16      EV: 13    Int:  4    God:    Trog [****..]
Gold:   999        SH:  0    Dex: 13    Spells: 11/11 levels left

rFire    . . .     SeeInvis +   H - +1 battleaxe (freeze)
rCold    . . .     Gourm    .   (shield currently unavailable)
rNeg     . . .     Faith    .   A - +2 chain mail {MR+}
rPois    .         Spirit   .   M - +0 hat
rElec    .         Reflect  .   G - +0 cloak
rCorr    .         Harm     .   n - +0 pair of gloves
MR       +++..                  C - +0 pair of boots
Stlth    ..........             o - amulet of the acrobat
HPRegen  1.27/turn              r - +1 ring of protection
MPRegen  0.15/turn              B - ring of see invisible

@: berserk cooldown, regenerating, slowed, very slow
A: retaliatory headbutt, horns 2
a: Berserk, Trog's Hand, Brothers in Arms, Renounce Religion


You were on level 12 of the Dungeon.
You worshipped Trog.
Trog was greatly pleased with you.
You were very hungry.

You visited 2 branches of the dungeon, and saw 13 of its levels.

You collected 1348 gold pieces.
You spent 349 gold pieces at shops.

Inventory:

Hand Weapons
 a - a +2 executioner's axe of chopping
 b - a +0 hand axe of flaming
 H - a +1 battleaxe of freezing (weapon)
Missiles
 j - 40 poisoned darts (quivered)
 y - 3 boomerangs of dispersal
 z - 13 boomerangs
 Q - 7 atropa-tipped darts
 R - 5 datura-tipped darts
Armour
 n - a +0 pair of gloves (worn)
 A - a +2 chain mail of magic resistance (worn)
 C - a +0 pair of boots (worn)
 G - a +0 cloak (worn)
 M - a +0 hat (worn)
Jewellery
 o - an amulet of the acrobat (around neck)
 r - a +1 ring of protection (left hand)
 B - a ring of see invisible (right hand)
Wands
 h - a wand of iceblast (3)
 q - a wand of enslavement (6)
 u - a wand of digging (6)
 v - a wand of flame (44)
 w - a wand of disintegration (16)
 F - a wand of polymorph (8)
 L - a wand of paralysis (12)
Scrolls
 e - 4 scrolls of magic mapping {unknown}
 f - 11 scrolls of teleportation
 g - a scroll of silence {unknown}
 i - 4 scrolls of random uselessness {unknown}
 l - 12 scrolls of remove curse {unknown}
 m - 2 scrolls of noise {unknown}
 t - 2 scrolls of identify
 D - a scroll of enchant armour
 J - 3 scrolls of fear
 K - 2 scrolls of vulnerability
 N - 4 scrolls of immolation {unknown}
 P - 6 scrolls of blinking {unknown}
 S - 3 scrolls of brand weapon {unknown}
Potions
 d - a potion of brilliance {unknown}
 k - 2 potions of degeneration {unknown}
 p - a potion of magic {unknown}
 s - a potion of mutation {unknown}
 x - 5 potions of curing
Miscellaneous
 U - a phial of floods
Comestibles
 c - 23 rations


   Skills:
 + Level 9.8 Fighting
 * Level 16.4 Axes
 + Level 7.5 Throwing
 + Level 9.3 Armour
 + Level 8.7 Dodging
 + Level 6.8 Evocations


You had 11 spell levels left.
You didn't know any spells.
Your spell library was empty.

Dungeon Overview and Level Annotations

Branches:
Dungeon (12/15)            Temple (0/1) D:5            Lair (1/6) D:9
    Orc (0/2) D:11

Altars:
Hepliaklqana
Ru
Vehumet
Wu Jian
Xom
Yredelemnul
Zin
The Shining One

Shops:
D:6 ?[}


Innate Abilities, Weirdness & Mutations

You reflexively headbutt those who attack you in melee.
You have a pair of horns on your head.


Message History

The fireball explodes!
The fireball engulfs you!!!
* * * LOW HITPOINT WARNING * * *
The battlesphere fires!
The barrage of energy hits you!
* * * LOW HITPOINT WARNING * * *
You hear a shout!
Unknown command.
Your ogre goes berserk!
You are feeling very hungry.
Your ogre rages.
Your ogre hits the battlesphere with a +0 giant club!!
The battlesphere is destroyed!
Your skin crawls.
You feel resistant to hostile enchantments.
You feel somewhat more hungry. Trog will no longer gift you weapons.
Your ogre hits the tengu reaver with a +0 giant club!
The tengu reaver points at you and mumbles some strange words.
The bolt of magma hits you!!!
Ouch! That really hurt!
You die...

#####.[######.#
...............#
...####........# .
#..####### #[)# #[(#
##### ### ##.
#[°####...#...##
.....####.O÷..#.8.
.8..
.......@.Q.(..#... ...
#####........(##.###.#
#.#######.#%/[##.###
#. #)#####...#. #
#.Q...((8.#D
#######Q..#. #[.$##.##
##.###(# ... ...


You could see a tengu reaver and a friendly ogre (berserk).

Vanquished Creatures
  A sphinx (D:12)
  A frost giant (D:12)
  A stone giant (D:12)
  A hydra (D:7)
  A two-headed ogre (D:11)
  An unseen horror (D:10)
  3 ugly things
  A cyclops (D:11)
  Maurice (D:11)
  2 black mambas (Lair:1)
  A spiny frog (Lair:1)
  3 gargoyles
  Psyche (D:11)
  A komodo dragon (Lair:1)
  A jumping spider (shapeshifter) (D:7)
  3 trolls
  A hornet (D:11)
  Grinder (D:5)
  6 hippogriffs
  Sigmund (D:3)
  15 yaks
  A wraith (D:11)
  A vampire (D:9)
  2 basilisks (D:9)
  A human (D:7)
  4 hogs (D:7)
  3 hungry ghosts
  Edmund (D:4)
  An acid dragon (D:12)
  3 water moccasins
  3 porcupines (Lair:1)
  9 orc warriors
  3 sky beasts
  2 hornet zombies
  2 phantoms
  A black bear (D:6)
  5 ice beasts
  16 ogres
  A necrophage (D:7)
  3 eyes of draining
  6 centaurs
  A crocodile (D:8)
  4 big kobolds
  6 bullfrogs
  A gnoll sergeant (D:11)
  A wyvern zombie (D:10)
  A wyvern skeleton (D:10)
  9 killer bees
  4 scorpions
  4 wights (D:12)
  6 howler monkeys
  6 crimson imps
  A bullfrog zombie (D:5)
  A quasit (D:10)
  2 centaur zombies
  4 hounds
  A jelly (D:5)
  14 orc wizards
  9 orc priests
  3 bullfrog skeletons
  2 centaur skeletons
  A gnoll shaman (D:10)
  4 iguanas
  Terence (D:2)
  Natasha (D:3)
  7 worker ants
  A killer bee zombie (D:9)
  2 hound zombies
  A hound skeleton (D:7)
  A howler monkey zombie (D:7)
  A worker ant zombie (D:7)
  2 howler monkey skeletons
  15 gnolls
  13 adders
  5 shadow imps
  An adder skeleton (D:9)
  An adder zombie (D:5)
  A worm (D:3)
  5 dart slugs
  5 leopard geckos
  53 orcs
  6 giant cockroaches
  7 goblins
  7 hobgoblins
  5 jackals
  2 quokkas (D:7)
  2 ball pythons (D:1)
  7 bats
  5 frilled lizards
  A giant cockroach zombie (D:5)
  14 kobolds
  A quokka skeleton (D:8)
  8 rats
  A spectral orc (D:9)
  A bush (D:5)
383 creatures vanquished.

Vanquished Creatures (collateral kills)
  A harpy (shapeshifter) (D:12)
  An ugly thing (D:12)
  A cyclops (D:12)
  A troll (D:12)
  An acid dragon (D:12)
  A centaur (D:11)
  A bullfrog (D:11)
  A crimson imp (D:12)
  A shadow imp (D:12)
9 creatures vanquished.

Grand Total: 392 creatures vanquished

Notes
Turn   | Place    | Note
-------+----------+-------------------------------------------
     0 | D:1      | mopl the Minotaur Berserker began the quest for the Orb.
     0 | D:1      | Reached XP level 1. HP: 19/19 MP: 0/0
    88 | D:1      | Reached skill level 4 in Axes
   136 | D:1      | Reached XP level 2. HP: 16/26 MP: 1/1
   462 | D:1      | Reached ** piety under Trog
   608 | D:1      | Reached skill level 5 in Axes
   630 | D:1      | Reached XP level 3. HP: 24/31 MP: 2/2
  1337 | D:2      | Noticed Terence
  1346 | D:2      | Killed Terence
  1346 | D:2      | Reached skill level 6 in Axes
  1346 | D:2      | Reached XP level 4. HP: 39/39 MP: 3/3
  1659 | D:3      | Noticed Natasha
  1662 | D:3      | Killed Natasha
  1682 | D:3      | Noticed Sigmund
  1693 | D:3      | Killed Sigmund
  1693 | D:3      | Reached skill level 8 in Axes
  1693 | D:3      | Reached XP level 5. HP: 45/45 MP: 4/4
  1693 | D:3      | Reached XP level 6. HP: 51/51 MP: 5/5
  2071 | D:3      | Reached *** piety under Trog
  2124 | D:3      | Found an ornate altar of the Wu Jian Council.
  2320 | D:4      | Reached skill level 9 in Axes
  2458 | D:4      | Reached XP level 7. HP: 45/57 MP: 6/6
  2689 | D:4      | Noticed Edmund
  2700 | D:4      | Killed Edmund
  2700 | D:4      | Reached skill level 10 in Axes
  2766 | D:4      | Found a hazy altar of Hepliaklqana.
  2940 | D:4      | Noticed a hippogriff
  2948 | D:4      | Killed a hippogriff
  2948 | D:4      | Reached skill level 11 in Axes
  3003 | D:4      | Reached XP level 8. HP: 58/64 MP: 7/7
  3294 | D:4      | Reached skill level 12 in Axes
  3380 | D:5      | Entered Level 5 of the Dungeon
  3467 | D:5      | Noticed Grinder
  3474 | D:5      | Reached skill level 1 in Throwing
  3499 | D:5      | Killed Grinder
  3499 | D:5      | Reached skill level 1 in Evocations
  3744 | D:5      | Found a staircase to the Ecumenical Temple.
  3781 | D:5      | Reached **** piety under Trog
  3902 | D:5      | Found a shimmering altar of Xom.
  4005 | D:5      | Reached XP level 9. HP: 72/72 MP: 9/9
  4123 | D:5      | Received a gift from Trog
  4330 | D:5      | Got a bone trident
  4464 | D:5      | Found a sacrificial altar of Ru.
  4632 | D:6      | Found Oqorye's Gadget Boutique.
  4782 | D:6      | Found Qyffu's Magic Scroll Boutique.
  4795 | D:6      | Bought a scroll of amnesia for 45 gold pieces
  4795 | D:6      | Bought a scroll of fear for 45 gold pieces
  4795 | D:6      | Bought a scroll of teleportation for 39 gold pieces
  4795 | D:6      | Bought a scroll of identify for 26 gold pieces
  4795 | D:6      | Bought a scroll of vulnerability for 97 gold pieces
  4795 | D:6      | Bought a scroll of enchant armour for 97 gold pieces
  4834 | D:6      | Reached skill level 5 in Fighting
  4863 | D:6      | Found Huva's Antique Armour Emporium.
  4919 | D:6      | Found a radiant altar of Vehumet.
  4986 | D:6      | Found a glowing golden altar of the Shining One.
  5741 | D:7      | Reached skill level 13 in Axes
  5985 | D:7      | Reached skill level 5 in Armour
  5995 | D:7      | Reached XP level 10. HP: 83/83 MP: 11/11
  6210 | D:8      | Reached skill level 5 in Dodging
  6455 | D:7      | Noticed a white ugly thing
  6455 | D:7      | Noticed a six-headed hydra
  6499 | D:8      | Killed a white ugly thing
  6563 | D:8      | Reached ***** piety under Trog
  6888 | D:7      | Killed a two-headed hydra
  6888 | D:7      | Reached skill level 14 in Axes
  7076 | D:8      | Received a gift from Trog
  7549 | D:9      | Reached skill level 5 in Throwing
  7569 | D:9      | Reached XP level 11. HP: 92/92 MP: 13/13
  7720 | D:9      | Found a staircase to the Lair.
  7955 | D:9      | Received a gift from Trog
  8123 | D:9      | Found a basalt altar of Yredelemnul.
  8175 | D:9      | Found a glowing silver altar of Zin.
  8552 | D:10     | Entered Level 10 of the Dungeon
  8594 | D:10     | Reached skill level 5 in Evocations
  8762 | D:10     | Received a gift from Trog
  8921 | D:10     | Noticed an unseen horror
  8924 | D:10     | Killed an unseen horror
  9164 | Lair:1   | Entered Level 1 of the Lair of Beasts
  9203 | Lair:1   | Reached skill level 15 in Axes
 10124 | D:11     | Noticed Maurice
 10153 | D:11     | Killed Maurice
 10196 | D:11     | Reached XP level 12. HP: 95/103 MP: 15/15
 10387 | D:11     | Found a staircase to the Orcish Mines.
 10415 | D:11     | Received a gift from Trog
 10437 | D:11     | HP: 5/103 [troll (3)]
 10825 | D:11     | Noticed a two-headed ogre
 10827 | D:11     | Killed a two-headed ogre
 10887 | D:11     | Noticed Psyche
 10900 | D:11     | Killed Psyche
 11042 | D:11     | Paralysed by a hornet for 3 turns
 11392 | D:12     | Received a gift from Trog
 11472 | D:12     | Noticed a frost giant
 11474 | D:12     | Found the +3 robe of Folly {Archmagi, MR-- Int+5}
 11482 | D:12     | Reached skill level 16 in Axes
 11488 | D:12     | Noticed a seven-headed hydra
 11505 | D:12     | Killed a frost giant
 11658 | D:12     | Noticed a sphinx
 11665 | D:12     | Killed a sphinx
 11802 | D:12     | Noticed a stone giant
 11807 | D:12     | Found the +8 glaive of the Guard {elec, +Rage AC+5 SInv}
 11807 | D:12     | Noticed a storm dragon
 11811 | D:12     | Noticed a tengu reaver
 11813 | D:12     | Killed a stone giant
 11831 | D:12     | Killed from afar by a tengu reaver

Levels and vault maps discovered:
D:1:      nicolae_arrival_washed_ashore, layout_loops_cross,
          chequers_serial_rivers_room_b
D:2:      layout_loops_ring, uniq_terence
D:3:      layout_loops_corners, nicolae_overflow_crystal_walls,
          grunt_ministairs_2, minivault_24, serial_bayou_pond_c, uniq_natasha,
          uniq_sigmund
D:4:      minmay_recursive_quarters, layout_loops_corners, kennysheep_mini_moat,
          uniq_edmund
D:5:      layout_basic, xom_butterflies, nicolae_ru_path_of_blood,
          minmay_temple_entry_water_ring, first_ration, st_stairs_3,
          minmay_hedge_maze, uniq_grinder
D:6:      layout_cave_pods, lemuel_crystal_altar, tso_oasis_becter,
          serial_shops, shop, shop, shop
D:7:      minmay_klotski, layout_loops_ring, grunt_livestock, minmay_checkerbox
D:8:      layout_cave_pools
D:9:      layout_grid_maze, yredelemnul_forgotten_temple_becter,
          david_lair_generic, basic_altar, minivault_22
D:10:     layout_stronghold, serial_column_ruins, column_ruins_open_small,
          column_ruins_columns_straight, column_ruins_open_tiny,
          column_ruins_grid_2, column_ruins_grid_3, column_ruins_open_tiny
D:11:     layout_roguey, kennysheep_orc_monster_closet_entryway, uniq_maurice,
          uniq_psyche
D:12:     minmay_guarded_unrand_guard, layout_small_grid,
          minmay_misc_feat_square
Lair:1:   layout_hall_layers, infiniplex_staircase_pool_2

Skill      XL: |  1  2  3  4  5  6  7  8  9 10 11 12 |
---------------+-------------------------------------+-----
Axes           | 4 5 6 8 9 11 12 13 14 15 16 | 16.4
Throwing       | 2 3 5 6 7 |  7.5
Armour         | 3 5 6 8 9 |  9.3
Fighting       | 4 5 7 8 9 |  9.8
Evocations     | 1 3 4 5 6 |  6.8
Dodging        | 3 4 6 7 8 |  8.7

Action                   |  1- 3 |  4- 6 |  7- 9 | 10-12 || total
-------------------------+-------+-------+-------+-------++-------
Melee: Hand axe          |    66 |    48 |       |    29 ||   143
       Headbutt          |     8 |    15 |    69 |   118 ||   210
       War axe           |       |    43 |   286 |   264 ||   593
       Executioner's axe |       |       |       |   244 ||   244
       Battleaxe         |       |       |       |    13 ||    13
Throw: Dart              |       |       |     1 |       ||     1
Invok: Berserk           |     1 |     2 |     4 |    14 ||    21
       Trog's Hand       |       |     1 |       |     6 ||     7
       Brothers in Arms  |       |       |       |     5 ||     5
Evoke: Wand              |       |       |       |     3 ||     3
 Stab: Sleeping          |     1 |       |       |       ||     1
  Eat: Chunk             |     1 |     7 |    15 |    35 ||    58
       Ration            |       |       |       |     2 ||     2
Armor: Animal skin       |    14 |       |       |       ||    14
       Scale mail        |       |     5 |       |       ||     5
       Plate armour      |       |    22 |    10 |       ||    32
       Chain mail        |       |       |    94 |   278 ||   372
Dodge: Dodged            |    40 |    39 |   114 |   387 ||   580
